 Dungeon Crawl Stone Soup version 0.18.1-48-g4cf74bf (webtiles) character file.

18 Freeplumber the Conjurer (level 2, -4/33 HPs)
             Began as a Naga Conjurer on July 13, 2016.
             Slain by a worm (5 damage)
             ... on level 2 of the Dungeon.
             The game lasted 00:03:09 (584 turns).

Freeplumber the Conjurer (Naga Conjurer)             Turns: 584, Time: 00:03:10

Health: -4/33      AC: 21    Str: 10    XL:     2   Next: 66%
Magic:  1/5        EV:  1    Int: 15    God:
Gold:   42         SH:  0    Dex: 11    Spells: 2 memorised, 2 levels left

rFire  + . .     SeeInvis +     e - +0 dagger
rCold  + . .     Gourm    .     (armour currently unavailable)
rNeg   + + +     Faith    .     (no shield)
rPois  +         Spirit   .     (helmet currently unavailable)
rElec  +         Dismiss  .     (cloak currently unavailable)
rCorr  +         Reflect  .     (gloves currently unavailable)
SustAt .         Harm     .     (no barding)
MR     .....     NoTele   +     (no amulet)
Stlth  +++.......               (no ring)
                                (no ring)

@: tree-form, resistant, not resistant to hostile enchantments, fairly stealthy
A: see invisible, (deformed body), (poison resistance), (slowness 0), slow
metabolism 1, spit poison 2, AC +0
a: Spit Poison


You were on level 2 of the Dungeon.
You were not hungry.
You were a tree.
You visited 1 branch of the dungeon, and saw 2 of its levels.

You collected 42 gold pieces.

Inventory:

Hand Weapons
 e - a +0 dagger (weapon)
Armour
 a - a +0 robe (melded)
Books
 b - a book of Conjurations

   Spells                             Type                      Level
   a - Magic Dart                     Conjuration                  1
   b - Searing Ray                    Conjuration                  2
   c - Dazzling Spray                 Conjuration/Hexes            3
   d - Fulminant Prism                Conjuration/Hexes            4
   e - Iskenderun's Mystic Blast      Conjuration                  4
   f - Iskenderun's Battlesphere      Conjuration/Charms           5
Comestibles
 c - a bread ration


   Skills:
 + Level 0.2 Fighting
 + Level 1.7 Dodging
 + Level 3.2 Stealth
 + Level 2.0 Spellcasting
 + Level 4.5 Conjurations


You had 2 spell levels left.
You knew the following spells:

 Your Spells              Type           Power        Failure   Level  Hunger
a - Magic Dart            Conj           ###.         3%          1    #......
b - Searing Ray           Conj           ###...       6%          2    ###....


Dungeon Overview and Level Annotations

Branches:
Dungeon (2/15)

Altars:


Innate Abilities, Weirdness & Mutations

You cannot wear boots.
((Your serpentine skin is tough (AC +0).))
You have supernaturally acute eyesight.
((Armour fits poorly on your strangely shaped body.))
((Your system is resistant to poisons.))
((You cover ground very slowly.))
You have a slow metabolism.
You can spit poison.


Message History

You turn into a tree.
Your +0 robe melds into your body.
Your roots penetrate the ground.
You hit the worm but do no damage.
The worm is lightly wounded.
The worm bites you but does no damage.
You hit the worm.
The worm is lightly wounded.
The worm bites you but does no damage.
You hit the worm but do no damage.
The worm is lightly wounded.
You hit the worm but do no damage.
The worm is lightly wounded.
The worm bites you but does no damage.
You hit the worm.
The worm is moderately wounded.
Read which item? (? for menu, Esc to quit)
As you read the scroll labeled KUMIYM DUPO, it crumbles to dust.
You cannot teleport because you are held in place by your roots.
It was a scroll of blinking.
The worm bites you.
You die...

#.#.# #..S.......
#.#.# #.#........
....# #.#.######.
#...# #.#.# #...#
#.#.#
#...##########.#.#
#..............#.#
#....########..#w#
#....# #..#♣#
#....# #..#.#
#....# #..#.#
.....# #..#.######
.#...# #..........
.....# #.......)..
. .#.# #..........
#..........
#..........


You could see a worm.

Vanquished Creatures
  2 dart slugs (D:1)
  5 goblins (D:1)
  3 hobgoblins (D:1)
  A kobold (D:1)
  A rat (D:1)
12 creatures vanquished.

Notes
Turn   | Place    | Note
--------------------------------------------------------------
     0 | D:1      | Freeplumber the Naga Conjurer began the quest for the Orb.
     0 | D:1      | Reached XP level 1. HP: 15/15 MP: 3/3
    93 | D:1      | Reached XP level 2. HP: 14/22 MP: 5/5
   496 | D:1      | Learned a level 2 spell: Searing Ray
   577 | D:2      | HP: 1/22 [worm (5)]
   584 | D:2      | Slain by a worm

Action                   || total
-------------------------++-------
Melee: Unarmed           ||    10
       Dagger            ||    27
 Cast: Magic Dart        ||    16
       Searing Ray       ||     1
  Use: Scroll            ||     2
       Potion            ||     2
 Stab: Sleeping          ||     2
Armor: Robe              ||     3
       Skin              ||     3
Dodge: Dodged            ||     7
